 Dungeon Crawl Stone Soup version 0.26-a0-43-g20b394cb32 (console) character file.

Game seed: 4476383278799050353

8992 Kagalorn the Carver (level 11, -5/67 HPs)
             Began as a Gargoyle Fighter on June 3, 2020.
             Was an Elder of the Shining One.
             Killed from afar by a big kobold (12 damage)
             ... with a bolt of acid
             ... on level 11 of the Dungeon.
             The game lasted 00:30:53 (12612 turns).

Kagalorn the Carver (Gargoyle Fighter)             Turns: 12612, Time: 00:30:54

Health: -5/67      AC: 17    Str: 20    XL:     11   Next: 39%
Magic:  15/15      EV:  9    Int: 12    God:    the Shining One [****..]
Gold:   194        SH: 10    Dex:  9    Spells: 10/10 levels left

rFire    . . .     SeeInvis .   a - +1 long sword
rCold    . . .     Gourm    .   c - +0 kite shield
rNeg     + + +     Faith    +   I - +3 ring mail
rPois    ∞         Spirit   .   k - +0 helmet
rElec    +         Reflect  .   (no cloak)
rCorr    .         Harm     .   t - +1 pair of gloves
MR       .....                  (no boots)
Stlth    ..........             g - amulet of faith
HPRegen  0.21/turn              q - ring of wizardry
MPRegen  0.14/turn              (no ring)

@: corroded, glowing
A: negative energy resistance 1, electricity resistance, unbreathing,
petrification resistance, rot immunity, AC +8
a: Divine Shield, Cleansing Flame, Renounce Religion


You were on level 11 of the Dungeon.
You worshipped the Shining One.
The Shining One was greatly pleased with you.
You were very hungry.

You visited 2 branches of the dungeon, and saw 12 of its levels.
You also visited: Sewer.

You collected 464 gold pieces.
You spent 270 gold pieces at shops.

Inventory:

Hand Weapons
 a - a +1 long sword (weapon)
 b - a +0 morningstar
Armour
 c - a +0 kite shield (worn)
 k - a +0 helmet (worn)
 n - +0 steam dragon scales
 t - a +1 pair of gloves (worn)
 A - a +1 ring mail of fire resistance
 E - a +0 plate armour
 I - a +3 ring mail (worn)
Jewellery
 g - an amulet of faith (around neck)
 h - an uncursed ring of ice
 q - a ring of wizardry (left hand)
Wands
 r - a wand of acid (13)
 z - a wand of iceblast (23)
 K - a wand of paralysis (6)
 L - a wand of polymorph (20)
Scrolls
 i - 3 scrolls of enchant weapon
 l - 3 scrolls of teleportation
 m - a scroll of fog
 u - a scroll of immolation {unknown}
 x - 3 scrolls of remove curse
 y - 2 scrolls of amnesia
 B - a scroll of fear {unknown}
 C - a scroll of enchant armour
 D - a scroll of random uselessness {unknown}
 F - a scroll of blinking
 O - 2 scrolls of magic mapping {unknown}
 P - a scroll of holy word {unknown}
 Q - a scroll of noise {unknown}
Potions
 d - 2 potions of might
 e - 2 potions of berserk rage
 j - 3 potions of stabbing {unknown}
 o - 5 potions of haste
 p - 4 potions of curing
 s - 2 potions of lignification
 v - a potion of magic
 w - 2 potions of resistance
 G - a potion of ambrosia
 H - 2 potions of heal wounds
 J - 3 potions of brilliance
 M - a potion of flight
 N - a potion of cancellation
Comestibles
 f - 20 rations


   Skills:
 + Level 7.0 Fighting
 * Level 12.1 Long Blades
 + Level 6.9 Armour
 + Level 7.0 Shields
 + Level 6.0 Invocations


You had 10 spell levels left.
You didn't know any spells.
Your spell library contained the following spells:

 Spells                   Type           Power        Failure   Level  Hunger
 Magic Dart               Conj           #...         47%         1    ##.....
 Searing Ray              Conj           #.....       61%         2    ###....
 Dazzling Flash           Conj/Hex       #.....       83%         3    ####...
 Fulminant Prism          Conj/Hex       #.........   99%         4    #####..
 Iskenderun's Mystic Bla  Conj/Tloc      #.......     99%         4    #####..


Dungeon Overview and Level Annotations

Branches:
Dungeon (11/15)            Temple (1/1) D:5            Lair (0/6) D:10
  Sewer (visited)
    Orc: D:9-12

Altars:
Ashenzari
Cheibriados
Dithmenos
Elyvilon
Fedhas
Gozag
Hepliaklqana
Kikubaaqudgha
Makhleb
Nemelex Xobeh
Okawaru
Qazlal
Ru
Sif Muna
Trog
Uskayaw
Vehumet
Wu Jian
Xom
Yredelemnul
Zin
The Shining One

Shops:
D:8 !

Portals:
Trove: D:11 (give 6 scrolls of fear)

Annotations:
D:3 1 runed translucent door, Crazy Yiuf
D:8 3 runed translucent doors, 1994's ghost, novice OgGl; Chiseanne's ghost, novice GnWn; ahoss's ghost, novice CeGl; mora's ghost, novice GnAM; tmanko2's ghost, novice OpWz


Innate Abilities, Weirdness & Mutations

You are resistant to torment.
Your stone body is resilient. (AC +8)
You are immune to poison.
You resist negative energy. (rN+)
You are resistant to electric shocks. (rElec)
You can survive without breathing.
You are immune to petrification.
You are immune to rotting.


Message History

You barely miss the big kobold.
The big kobold is moderately wounded.
The big kobold hits you but does no damage.
You closely miss the big kobold.
The big kobold is moderately wounded.
The big kobold misses you.
You closely miss the big kobold.
The big kobold is moderately wounded.
The big kobold closely misses you.
You slash the big kobold!
The big kobold is severely wounded.
You slice the big kobold!!
You kill the big kobold!
The big kobold zaps a wand.
The bolt of acid hits you. The acid corrodes you!
You are splashed with acid!
* * * LOW HITPOINT WARNING * * *
The kobold throws a stone.
You block the stone. You block the kobold's attack.
The big kobold zaps a wand.
The bolt of acid hits you!
You die...

.. .. .. .. ..
##### .
##########KZ.#
........(@KK(#
####..####KK.#
#. ##K......#
.. #.......#
.# ........# .
..........
.......... #
.(........# .
..........# #


You could see a big kobold, 5 kobolds and a bullfrog skeleton.

Vanquished Creatures
  2 two-headed ogres
  An unseen horror (D:10)
  An ugly thing (D:9)
  Maurice (D:8)
  A kobold demonologist (D:11)
  A hornet (D:11)
  4 yaks
  A wyvern (D:8)
  A steam dragon (D:9)
  Menkaure (D:6)
  Duvessa (D:6)
  An acid dragon (D:11)
  A water moccasin (D:10)
  4 porcupines
  An ice beast (D:8)
  An eye of draining (D:8)
  2 sky beasts (D:8)
  2 black bears
  4 orc warriors
  3 centaurs
  2 ogres
  A phantom (D:10)
  A crocodile (D:10)
  4 big kobolds
  5 bullfrogs
  A scorpion (D:10)
  Dowan (D:6)
  9 killer bees
  2 electric eels (D:10)
  3 howler monkeys
  2 crimson imps
  A quasit (D:7)
  9 orc priests
  9 jellies
  6 hounds
  2 iguanas (D:5)
  2 bullfrog skeletons
  A centaur skeleton (D:5)
  7 orc wizards
  5 worker ants
  8 adders
  2 gnolls
  A river rat (D:6)
  6 oozes
  2 adder skeletons
  2 adder zombies
  5 worms
  3 dart slugs
  6 leopard geckos
  26 orcs
  6 ball pythons
  6 bats
  4 giant cockroaches
  6 goblins
  6 hobgoblins
  8 jackals
  18 kobolds
  A quokka (D:5)
  11 frilled lizards
  A jackal skeleton (D:6)
  2 quokka skeletons (D:8)
  10 rats
247 creatures vanquished.

Vanquished Creatures (others)
  A kobold (D:11)
  13 fungi (D:10)
  4 plants (D:10)
18 creatures vanquished.

Grand Total: 265 creatures vanquished

Notes
Turn   | Place    | Note
-------+----------+-------------------------------------------
     0 | D:1      | Kagalorn the Gargoyle Fighter began the quest for the Orb.
     0 | D:1      | Reached XP level 1. HP: 14/14 MP: 1/1
    66 | D:1      | Reached skill level 2 in Long Blades
   178 | D:1      | You fall into a shaft and drop 1 floor!
   232 | D:1      | Reached XP level 2. HP: 15/19 MP: 2/2
   496 | D:1      | Reached skill level 3 in Long Blades
   769 | D:1      | Reached XP level 3. HP: 23/23 MP: 3/3
  1213 | D:2      | Reached XP level 4. HP: 25/28 MP: 4/4
  1497 | D:3      | Reached skill level 4 in Long Blades
  1782 | D:3      | Reached XP level 5. HP: 27/32 MP: 5/5
  2085 | D:3      | Reached skill level 5 in Long Blades
  2565 | D:3      | Found a runed translucent door.
  2566 | D:3      | Noticed Crazy Yiuf
  2701 | D:4      | Found a burning altar of Makhleb.
  3142 | D:4      | Reached XP level 6. HP: 22/37 MP: 6/6
  3781 | D:5      | Entered Level 5 of the Dungeon
  3781 | D:5      | Found a staircase to the Ecumenical Temple.
  3794 | Temple   | Entered the Ecumenical Temple
  3862 | Temple   | Became a worshipper of the Shining One
  3986 | D:5      | Reached skill level 6 in Long Blades
  4297 | D:5      | Reached XP level 7. HP: 39/41 MP: 7/7
  4416 | D:4      | Reached skill level 7 in Long Blades
  4822 | D:5      | Reached skill level 8 in Long Blades
  4955 | D:5      | Reached XP level 8. HP: 46/46 MP: 8/8
  5109 | D:6      | Noticed Menkaure
  5262 | D:6      | Found a glowing drain.
  5276 | Sewer    | Entered a sewer
  5665 | D:6      | Reached * piety under the Shining One
  5812 | D:5      | Reached skill level 9 in Long Blades
  5991 | D:6      | Noticed Duvessa
  5991 | D:6      | Noticed Dowan
  6019 | D:6      | Killed Dowan
  6021 | D:6      | Killed Duvessa
  6350 | D:6      | Killed Menkaure
  6461 | D:6      | Found a glowing golden altar of the Shining One.
  6630 | D:7      | Reached skill level 10 in Long Blades
  6812 | D:7      | Reached XP level 9. HP: 43/51 MP: 9/9
  6848 | D:7      | Reached skill level 1 in Invocations
  7025 | D:7      | Found a bloodstained altar of Trog.
  7247 | D:8      | Found Qilayrro's Distillery.
  7258 | D:8      | Bought a potion of heal wounds for 75 gold pieces
  7258 | D:8      | Bought a potion of berserk rage for 75 gold pieces
  7258 | D:8      | Bought a potion of cancellation for 120 gold pieces
  7399 | D:8      | Found a runed translucent gate.
  7399 | D:8      | Found a runed translucent gate.
  7399 | D:8      | Found a runed translucent gate.
  7400 | D:8      | Noticed Chiseanne's ghost (novice GnWn)
  7400 | D:8      | Noticed mora's ghost (novice GnAM)
  7401 | D:8      | Noticed ahoss's ghost (novice CeGl)
  7401 | D:8      | Noticed 1994's ghost (novice OgGl)
  7401 | D:8      | Reached ** piety under the Shining One
  7401 | D:8      | Noticed tmanko2's ghost (novice OpWz)
  7554 | D:8      | Found a shimmering blue altar of Sif Muna.
  7719 | D:8      | Noticed Maurice
  8191 | D:8      | Found Qilayrro's Distillery.
  8360 | D:8      | Found a shimmering blue altar of Sif Muna.
  8455 | D:8      | Found a runed translucent gate.
  8455 | D:8      | Found a runed translucent gate.
  8455 | D:8      | Found a runed translucent gate.
  8624 | D:8      | Killed Maurice
  9008 | D:9      | Noticed a green ugly thing
  9047 | D:9      | Killed a green ugly thing
  9047 | D:9      | Reached skill level 5 in Fighting
  9047 | D:9      | Reached skill level 11 in Long Blades
  9047 | D:9      | Reached skill level 5 in Armour
  9047 | D:9      | Reached skill level 5 in Shields
  9047 | D:9      | Reached XP level 10. HP: 45/59 MP: 12/12
  9152 | D:9      | Noticed a two-headed ogre
  9186 | D:9      | Killed a two-headed ogre
 10747 | D:10     | Entered Level 10 of the Dungeon
 10892 | D:10     | Reached *** piety under the Shining One
 11114 | D:10     | Noticed a two-headed ogre
 11165 | D:10     | Found a staircase to the Lair.
 11181 | D:10     | Reached skill level 5 in Invocations
 11294 | D:10     | Noticed an unseen horror
 11312 | D:10     | Killed an unseen horror
 11312 | D:10     | Reached XP level 11. HP: 48/66 MP: 14/14
 11741 | D:10     | Found a shimmering altar of Xom.
 12064 | D:10     | Found a staircase to the Lair.
 12085 | D:10     | Killed a two-headed ogre
 12313 | D:11     | Reached skill level 12 in Long Blades
 12421 | D:11     | Found a portal to a secret trove of treasure.
 12572 | D:11     | Reached **** piety under the Shining One
 12588 | D:11     | HP: 2/66 [acid (12)]
 12612 | D:11     | Killed from afar by a big kobold

Illustrated notes

Levels and vault maps discovered:
D:1:      scummos_arrival_gate, layout_basic
D:2:      layout_rooms, minmay_misc_feat_pillars
D:3:      layout_basic, uniq_crazy_yiuf_cottage
D:4:      layout_loops_corners, bloody_makhleb
D:5:      layout_cave_pools, minmay_temple_entry_gardened_gates, first_ration,
          cheibrodos_gnoll_hut
D:6:      layout_basic, gup_sewer_entry_bubbles, grunt_ministairs_1,
          tso_metal_star, uniq_menkaure, uniq_duvessa
D:7:      layout_rooms, basic_altar
D:8:      minmay_klotski, layout_loops_ring, led_sif_pool, serial_shops, shop,
          gammafunk_ghost_cemetery, uniq_maggie, uniq_maurice
D:9:      layout_long_grid, hangedman_little_slice_of_home
D:10:     layout_basic, due_lair_maze_entry_diamond, tgw_xom
D:11:     layout_loops_cross, serial_shops, bzr_entry_lakeside, kennysheep_mini,
          nicolae_trove_entry_crystal, minivault_22, minmay_misc_feat_room
Temple:   dpeg_three_leaves_temple

Skill      XL: |  1  2  3  4  5  6  7  8  9 10 11 |
---------------+----------------------------------+-----
Long Blades    | 2 3 4 5 6 8 10 11 12 | 12.1
Invocations    | 3 5 6 |  6.0
Fighting       | 5 6 7 |  7.0
Armour         | 5 6 |  6.9
Shields        | 5 6 7 |  7.0

Action                   |  1- 3 |  4- 6 |  7- 9 | 10-12 || total
-------------------------+-------+-------+-------+-------++-------
Melee: Long sword        |   138 |   164 |   408 |   356 ||  1066
Invok: Divine Shield     |       |       |       |     1 ||     1
Evoke: Wand              |       |       |     4 |       ||     4
  Use: Scroll            |       |     9 |    10 |     1 ||    20
       Potion            |       |       |       |     3 ||     3
  Eat: Chunk             |     1 |     7 |     9 |     7 ||    24
       Ration            |       |     1 |     2 |     1 ||     4
Armor: Scale mail        |    58 |    69 |       |       ||   127
       Ring mail         |       |    17 |   108 |   199 ||   324
       Plate armour      |       |       |    89 |       ||    89
Dodge: Dodged            |    32 |    51 |    64 |   114 ||   261
Block: Kite shield       |    75 |    65 |   158 |   175 ||   473
       Rpst.: Long sword |    11 |    18 |    17 |    35 ||    81

Table legend:
 A = Non-vault XP
 B = Vault XP
 C = Vault XP percentage of total XP
 D = Non-vault monster count
 E = Vault monster count
 F = Vault count percentage of total count
                 A         B        C        D         E       F
            +---------+---------+-------+---------+---------+-------
      Total |   10497 |    2349 |  18.3 |     200 |      47 |  19.0
            +---------+---------+-------+---------+---------+-------
        D:1 |      50 |       0 |   0.0 |      23 |       0 |   0.0
        D:2 |      85 |       0 |   0.0 |      24 |       0 |   0.0
        D:3 |     160 |       0 |   0.0 |      13 |       0 |   0.0
        D:4 |     217 |       0 |   0.0 |       7 |       0 |   0.0
        D:5 |     779 |      99 |  11.3 |      28 |       3 |   9.7
        D:6 |     234 |     461 |  66.3 |      11 |      11 |  50.0
        D:7 |     588 |       0 |   0.0 |      10 |       0 |   0.0
        D:8 |    1166 |     480 |  29.2 |      20 |       1 |   4.8
        D:9 |    2491 |     291 |  10.5 |      25 |       8 |  24.2
       D:10 |    2577 |     979 |  27.5 |      18 |      12 |  40.0
       D:11 |    2150 |       0 |   0.0 |      21 |       0 |   0.0
      Sewer |       0 |      39 | 100.0 |       0 |      12 | 100.0
            +---------+---------+-------+---------+---------+-------
